 Dungeon Crawl Stone Soup version 0.27-a0-1123-g2f9bb313c0 (webtiles) character file.

Game seed: 15424197332608164486

12374 leviel the Cleaver (level 11, -1/102 HPs)
             Began as a Minotaur Berserker on May 3, 2021.
             Was a High Priest of Trog.
             Slain by a two-headed ogre
             ... wielding a +0 giant club
              (17 damage)
             ... on level 11 of the Dungeon.
             The game lasted 00:18:26 (10232 turns).

leviel the Cleaver (Minotaur Berserker)            Turns: 10232, Time: 00:18:28

Health: -1/102     AC: 16    Str: 32    XL:     11   Next: 61%
Magic:  0/10       EV:  9    Int:  4    God:    Trog [*****.]
Gold:   495        SH: 13    Dex: 12    Spells: 10/10 levels left

rFire    . . .     SeeInvis +   C - +5 war axe
rCold    . . .     Faith    .   f - +0 buckler
rNeg     . . .     Spirit   +   l - +0 plate armour
rPois    .         Reflect  .   (helmet restricted)
rElec    .         Harm     .   (no cloak)
rCorr    .         Rampage  .   v - +0 pair of gloves
Will     ++...                  (no boots)
Stlth    ..........             u - brooch of Shielding {Spirit SH+8}
HPRegen  1.27/turn              t - +6 ring of strength
MPRegen  0.12/turn              A - ring of Saihemm {Dex+3 SInv}

@: strong-willed, regenerating
A: horns 2, retaliatory headbutt
a: Renounce Religion, Berserk, Trog's Hand, Brothers in Arms


You were on level 11 of the Dungeon.
You worshipped Trog.
Trog was extremely pleased with you.
You visited 1 branch of the dungeon, and saw 10 of its levels.

You collected 495 gold pieces.

Inventory:

Hand Weapons
 a - a +0 hand axe
 C - a +5 war axe (weapon)
 G - a +0 war axe of flaming
Missiles
 b - 8 curare-tipped darts
 w - 6 javelins
Armour
 f - a +0 buckler (worn)
 l - a +0 plate armour (worn)
 v - a +0 pair of gloves (worn)
 B - a +0 troll leather armour
Jewellery
 t - a +6 ring of strength (left hand)
 u - the brooch of Shielding (around neck) {Spirit SH+8}
   (You found it on level 4 of the Dungeon)

   [amulet of guardian spirit]

   It causes incoming damage to be divided between your reserves of health and
   magic.
   It affects your SH (+8).
 A - the ring of Saihemm (right hand) {Dex+3 SInv}
   (You found it on level 6 of the Dungeon)

   [ring of see invisible]

   It affects your dexterity (+3).
   It lets you see invisible.
Wands
 o - a wand of polymorph (17)
 I - a wand of digging (6)
Scrolls
 d - 3 scrolls of fear
 g - a scroll of silence {unknown}
 i - 2 scrolls of immolation {unknown}
 k - 7 scrolls of noise {unknown}
 p - 2 scrolls of enchant weapon {unknown}
 r - a scroll of summoning {unknown}
 s - 2 scrolls of magic mapping {unknown}
 x - a scroll of amnesia {unknown}
 y - 2 scrolls of teleportation {unknown}
 H - a scroll of enchant armour {unknown}
 J - a scroll of vulnerability {unknown}
Potions
 c - a potion of lignification
 e - 2 potions of berserk rage
 j - 8 potions of curing
 m - a potion of magic
 q - 3 potions of might
 E - a potion of flight
Miscellaneous
 D - a phantom mirror


   Skills:
 + Level 11.5 Fighting
 - Level 14.0 Axes
 + Level 11.6 Armour
 + Level 3.8 Dodging
 + Level 2.7 Stealth
 - Level 4.0 Shields


You had 10 spell levels left.
You didn't know any spells.
Your spell library was empty.

Dungeon Overview and Level Annotations

Branches:
Dungeon (11/15)            Temple (0/1) D:5            Lair (0/6) D:9
    Orc: D:9-12

Altars:
Elyvilon
Gozag
Makhleb
Okawaru
Ru
Sif Muna
Uskayaw
Xom
The Shining One

Shops:
D:11 (

Annotations:
D:9 3 runed translucent doors, Shayle's ghost, novice PaWr


Innate Abilities, Weirdness & Mutations

You have a pair of horns on your head.
You reflexively headbutt those who attack you in melee.


Message History

You slash the orc!
You kill the orc!
Trog accepts your kill.
An orc comes into view. It is wielding a +0 trident.
You are too injured to fight recklessly!
A two-headed ogre comes into view.
It is wielding a +0 giant club and a +0 giant spiked club.
The two-headed ogre shouts in stereo!
The orc shouts!
You block the orc warrior's attack.
Items here: ) [[ ††.
You barely miss the orc warrior. You block the orc warrior's attack.
You slice the orc warrior!! Your headbutt misses the orc warrior.
The orc warrior is heavily wounded.
The orc warrior hits you but does no damage.
You slash the orc warrior! Your headbutt misses the orc warrior.
The orc warrior is almost dead.
You slash the orc warrior!
You kill the orc warrior!
Trog accepts your kill.
Your skin crawls.
You feel strong-willed.
The orc hits you from afar with a +0 trident.
The two-headed ogre hits you with a +0 giant club.
The two-headed ogre barely misses you.
You slash the two-headed ogre!
Your headbutt misses the two-headed ogre.
The two-headed ogre is moderately wounded.
You block the orc's attack.
You hit the two-headed ogre.
The two-headed ogre is moderately wounded.
The two-headed ogre hits you with a +0 giant club!!
* * * LOW HITPOINT WARNING * * *
The two-headed ogre hits you but does no damage.
The orc hits you but does no damage.
You slash the two-headed ogre!
The two-headed ogre is heavily wounded.
You block the orc's attack.
The two-headed ogre hits you with a +0 giant club!
* * * LOW HITPOINT WARNING * * *
The two-headed ogre hits you with a +0 giant spiked club!!
You die...

...... #.#.....##
#...... ##........#
.....#..##........##
.... ............##
... #..#.......##
....##. ###).#...##
....... ##))......#
......)##.)#.#.#..#
....>oO@))........#
.....#..).)#.#.#..#
..................#
...........#.#.#.##
##....#.........#
...$..#....######
.............
..#.....#....# ....
. ....#


You could see a two-headed ogre and an orc.

Vanquished Creatures
  A hydra (D:6)
  A two-headed ogre (D:11)
  A deep troll (D:8)
  Pikel (D:5)
  A manticore (D:11)
  An elephant (D:9)
  Maggie (D:8)
  A gargoyle (D:10)
  3 trolls
  Grinder (D:3)
  2 hornets
  A meliai zombie (D:11)
  Sigmund (D:2)
  A wyvern (D:9)
  17 yaks
  3 wraiths
  4 acid dragons
  4 orc warriors
  A sky beast (D:5)
  An ice beast (D:8)
  2 black bears (D:9)
  A necrophage (D:5)
  An ogre (D:4)
  2 centaurs
  A lemure (D:5)
  2 kobold brigands
  A wyvern zombie (D:8)
  7 bullfrogs
  2 gnoll sergeants
  3 scorpions
  A water moccasin skeleton (D:4)
  4 killer bees
  7 wights (D:8)
  2 howler monkeys (D:10)
  2 electric eels (D:8)
  A crimson imp (D:5)
  3 centaur zombies
  A jelly (D:5)
  A gnoll shaman (D:8)
  3 orc priests
  Terence (D:3)
  5 orc wizards
  2 iguanas (D:4)
  A killer bee zombie (D:2)
  A hound skeleton (D:4)
  A howler monkey zombie (D:8)
  14 gnolls
  8 adders
  A howler monkey skeleton (D:5)
  A white imp (D:8)
  2 ufetubi
  2 worms
  A dart slug (D:1)
  23 orcs
  6 endoplasms
  3 giant cockroaches
  7 hobgoblins
  6 jackals
  10 kobolds
  6 quokkas
  9 ball pythons
  6 bats
  A frilled lizard (D:1)
  14 goblins
  4 rats
229 creatures vanquished.

Vanquished Creatures (collateral kills)
  A troll (D:9)
  A hornet (D:9)
2 creatures vanquished.

Vanquished Creatures (others)
  5 fungi (D:2)
  14 plants
19 creatures vanquished.

Grand Total: 250 creatures vanquished

Notes
Turn   | Place    | Note
-------+----------+-------------------------------------------
     0 | D:1      | leviel the Minotaur Berserker began the quest for the Orb.
     0 | D:1      | Reached XP level 1. HP: 19/19 MP: 0/0
   468 | D:1      | Reached XP level 2. HP: 20/27 MP: 1/1
   566 | D:1      | Reached skill level 4 in Axes
  1148 | D:1      | Reached XP level 3. HP: 32/33 MP: 2/2
  1450 | D:1      | Reached ** piety under Trog
  1988 | D:2      | Reached XP level 4. HP: 21/41 MP: 3/3
  2076 | D:2      | HP: 2/41 [poisoned by an adder]
  2519 | D:2      | Found a faded altar of an unknown god.
  2538 | D:2      | Noticed Sigmund
  2550 | D:2      | Killed Sigmund
  2551 | D:2      | Reached skill level 5 in Fighting
  2551 | D:2      | Reached skill level 5 in Axes
  2551 | D:2      | Reached skill level 1 in Stealth
  2551 | D:2      | Reached XP level 5. HP: 42/48 MP: 4/4
  2768 | D:2      | Reached XP level 6. HP: 39/56 MP: 5/5
  3353 | D:3      | Noticed Terence
  3363 | D:3      | Killed Terence
  3363 | D:3      | Reached *** piety under Trog
  3469 | D:3      | Found a shimmering blue altar of Sif Muna.
  3486 | D:3      | Noticed Grinder
  3486 | D:3      | Paralysed by Grinder for 7 turns
  3499 | D:3      | Killed Grinder
  3500 | D:3      | Reached skill level 6 in Axes
  3500 | D:3      | Reached XP level 7. HP: 61/61 MP: 6/6
  4140 | D:4      | Identified the +1 robe of Paranoia {+Blink rElec Str-2
                  | Dex+7}
  4375 | D:4      | Reached skill level 5 in Armour
  4623 | D:4      | Reached skill level 7 in Axes
  4987 | D:4      | Found the brooch of Shielding {Spirit SH+8}
  5125 | D:5      | Entered Level 5 of the Dungeon
  5166 | D:5      | Noticed a wraith
  5178 | D:5      | Killed a wraith
  5179 | D:5      | Reached skill level 1 in Shields
  5229 | D:5      | Reached XP level 8. HP: 68/70 MP: 7/7
  5286 | D:5      | Found a staircase to the Ecumenical Temple.
  5312 | D:5      | Found an opulent altar of Gozag.
  5347 | D:5      | Found a sacrificial altar of Ru.
  5358 | D:5      | Reached skill level 8 in Axes
  5859 | D:5      | Found a glowing golden altar of the Shining One.
  6032 | D:5      | Noticed Pikel
  6055 | D:5      | Killed Pikel
  6056 | D:5      | Reached skill level 9 in Axes
  6226 | D:5      | Found a shimmering altar of Xom.
  6227 | D:5      | Found a burning altar of Makhleb.
  6287 | D:6      | Identified the ring of Saihemm {Dex+3 SInv}
  6547 | D:6      | Noticed a four-headed hydra
  6557 | D:6      | Killed a nine-headed hydra
  6558 | D:6      | Reached skill level 10 in Axes
  6558 | D:6      | Reached XP level 9. HP: 79/79 MP: 6/8
  6768 | D:6      | You fall into a shaft and drop 3 floors!
  6768 | D:9      | Found a hide-covered altar of Uskayaw.
  6832 | D:8      | Reached **** piety under Trog
  7075 | D:8      | Noticed a deep troll
  7113 | D:8      | Killed a deep troll
  7114 | D:8      | Reached skill level 11 in Axes
  7118 | D:8      | Reached XP level 10. HP: 90/90 MP: 9/9
  7320 | D:8      | Noticed Maggie
  7332 | D:8      | Killed Maggie
  7785 | D:8      | Reached skill level 12 in Axes
  7785 | D:8      | Reached skill level 10 in Armour
  8602 | D:9      | Found a staircase to the Lair.
  8602 | D:9      | Noticed an elephant
  8614 | D:9      | Killed an elephant
  8637 | D:9      | Reached skill level 13 in Axes
  8771 | D:9      | Found an iron altar of Okawaru.
  8782 | D:9      | Found a white marble altar of Elyvilon.
  8818 | D:9      | Reached ***** piety under Trog
  8819 | D:9      | Reached skill level 10 in Fighting
  8822 | D:9      | Reached XP level 11. HP: 97/99 MP: 10/10
  9074 | D:9      | Found a runed translucent gate.
  9074 | D:9      | Found a runed translucent gate.
  9075 | D:9      | Found a runed translucent gate.
  9077 | D:9      | Noticed Shayle's ghost (novice PaWr)
  9298 | D:10     | Entered Level 10 of the Dungeon
  9985 | D:11     | Found Oraavare's Weapon Boutique.
 10108 | D:11     | Reached skill level 14 in Axes
 10166 | D:11     | Noticed a two-headed ogre
 10178 | D:11     | Killed a two-headed ogre
 10186 | D:11     | Received a gift from Trog
 10224 | D:11     | Noticed a two-headed ogre
 10232 | D:11     | Slain by a two-headed ogre

Illustrated notes

Levels and vault maps discovered:
D:1:      saegor_arrival_simple_b, layout_loops_corners, solitary_fountain,
          corexii_hall_statues_t
D:2:      layout_loops_cross, shapermc_ecumenical_altar_mp_ritualfount,
          hangedman_abyss_or_decor_stabs, uniq_sigmund
D:3:      layout_loops_ring, overflow_temple_1_default, st_stairs_4,
          hangedman_decor_opposing, uniq_terence, uniq_grinder
D:4:      layout_basic, grunt_ministairs_12, kennysheep_generic_room_16
D:5:      layout_rooms, grunt_temple_overflow_champion_of_chaos,
          nicolae_gozag_cash_rules_everything_around_me,
          nicolae_overflow_crystal_walls, hangedman_ru_absence,
          minmay_temple_entry_junction, uniq_pikel
D:6:      layout_layer_cave, kennysheep_little_box, lemuel_doored_altar
D:8:      nzn_winding_woodlands_cross [nzn_winding_woodlands_5x15_zeroes,
          nzn_winding_woodlands_5x15_eye, nzn_winding_woodlands_5x15_longhouse,
          nzn_winding_woodlands_5x15_split_checker,
          nzn_winding_woodlands_15x15_eel_pit], layout_basic, minivault_25,
          feat_on_display, uniq_maggie
D:9:      layout_rooms, nicolae_uskayaw_murder_on_the_dancefloor, minitemple,
          david_lair_generic, gammafunk_ghost_necromancy
D:10:     layout_roguey, serial_bayou_pond_a
D:11:     layout_cave_pools, serial_co_window_serial,
          co_window_of_opportunity_a, co_window_corner_a, co_window_paths_a,
          co_window_paths_a, co_window_paths_a, co_window_broadway_c,
          co_window_corner_b, co_window_broadway_b, co_window_4corner_b,
          glass_columns_a, glass_columns_b, glass_columns_a, glass_columns_a,
          serial_shops, nicolae_shop_trees

Skill      XL: |  1  2  3  4  5  6  7  8  9 10 11 |
---------------+----------------------------------+-----
Axes           | 4 5 6 7 10 11 13 14 | 14.0
Fighting       | 4 5 7 8 10 11 | 11.5
Armour         | 3 4 5 8 9 10 11 | 11.6
Dodging        | 3 |  3.8
Stealth        | 1 2 |  2.7
Shields        | 1 4 |  4.0

Action                   |  1- 3 |  4- 6 |  7- 9 | 10-12 || total
-------------------------+-------+-------+-------+-------++-------
Melee: Hand axe          |    84 |    88 |   236 |    15 ||   423
       Headbutt          |     4 |    16 |    55 |    75 ||   150
       War axe           |       |       |       |   245 ||   245
Invok: Berserk           |     1 |     2 |     4 |     2 ||     9
       Trog's Hand       |       |     2 |     2 |     1 ||     5
       Brothers in Arms  |       |       |       |     1 ||     1
Evoke: Wand              |       |       |       |     1 ||     1
  Use: Scroll            |       |       |       |     9 ||     9
       Potion            |       |       |       |     3 ||     3
 Stab: Sleeping          |     1 |       |       |       ||     1
       Distracted        |       |       |       |     1 ||     1
Armor: Animal skin       |     7 |     2 |       |       ||     9
       Plate armour      |       |    44 |    93 |    69 ||   206
Dodge: Dodged            |    49 |    20 |    81 |    58 ||   208
Block: Buckler           |     4 |     4 |    63 |   142 ||   213

Table legend: (Time is in decaauts)
 A = Elapsed time spent in this place.
 B = Non-inter-level travel time spent in this place.
 C = Inter-level travel time spent in this place.
 D = Time resting spent in this place.
 E = Time spent auto-exploring this place.
 F = Levels seen in this place.
 G = Mean time per level.
                   A        B        C        D        E       F      G
               +--------+--------+--------+--------+--------+-----+--------+
         Total |  10273 |  10016 |    257 |   1333 |   7348 |  10 | 1027.3 |
       Dungeon |  10273 |  10016 |    257 |   1333 |   7348 |  10 | 1027.3 |
               +--------+--------+--------+--------+--------+-----+--------+

Top non-repeatable levels by time:
     D:8: 1736 daAuts
     D:1: 1542 daAuts
     D:2: 1425 daAuts
     D:4: 1408 daAuts
     D:5: 1159 daAuts
     D:3: 804 daAuts
     D:9: 800 daAuts
    D:10: 625 daAuts
     D:6: 494 daAuts
    D:11: 277 daAuts
